 Dungeon Sprint DCSS version 0.31-a0-7-g51783674b7 (webtiles) character file.

Game seed: 12803140659745673123

999 dialectric the Imperceptible (level 8, -6/40 HPs)
             Began as a Spriggan Brigand on May 5, 2023.
             Was a Follower of Jiyva.
             Mangled by a deep troll (14 damage)
             ... in the Dungeon (Sprint I: "Red Sonja").
             The game lasted 00:02:20 (256 turns).

dialectric the Imperceptible (Spriggan Brigand)      Turns: 256, Time: 00:02:20

Health: -6/40      AC:  6    Str:  7    XL:     8   Next: 0%
Magic:  9/9        EV: 18    Int: 13    God:    Jiyva [*.....]
Gold:   524        SH:  0    Dex: 18    Spells: 7/7 levels left

rFire   . . .        o - +2 short sword (venom)
rCold   + . .        (no shield)
rNeg    . . .        m - +1 robe {rC+}
rPois   .            p - +2 hat
rElec   .            c - +0 cloak
rCorr   .            (gloves unavailable)
SInv    +            (boots unavailable)
Will    +....        (no amulet)
Stlth   +++++++++    (no ring)
HPRegen 1.06/turn    (no ring)
MPRegen 0.36/turn

%: no teleportation
@: very quick
A: very small, no large weapons, unfitting armour, see invisible, speed 3
a: Renounce Religion


You were in the Dungeon.
You worshipped Jiyva.
Jiyva was aware of your devotion.
You visited 1 branch You collected 724 gold pieces.
You spent 200 gold pieces at shops.

Inventory:

Hand Weapons
 a - a +2 dagger
 o - a +2 short sword of venom (weapon)
Missiles
 d - 9 poisoned darts
 e - 5 curare-tipped darts (quivered)
Armour
 c - a +0 cloak (worn)
 m - a +1 robe of cold resistance (worn)
 p - a +2 hat (worn)
Jewellery
 n - a ring of wizardry
Wands
 l - a wand of mindburst (13)
Scrolls
 b - a scroll of identify {unknown}
 k - a scroll of blinking
 q - a scroll of poison
Potions
 f - 2 potions of curing
 g - a potion of heal wounds
 h - 3 potions of haste
 i - 2 potions of magic
 j - a potion of berserk rage


   Skills:
 + Level 3.5 Fighting
 + Level 5.9 Short Blades
 - Level 2.6 Throwing
 + Level 3.3 Dodging
 * Level 23.7 Stealth


You had 7 spell levels left.
You didn't know any spells.
Your spell library was empty.

Dungeon Overview and Level Annotations

Branches:
Dungeon (1/1)

Altars:
Makhleb
Sif Muna
Vehumet
Wu Jian
Xom
Jiyva
Lugonu

Shops:
D :([*:


Innate Abilities, Weirdness & Mutations

You are very small and have problems with some larger weapons.
You are too small for most types of armour.
You have supernaturally acute eyesight. (SInv)
You cover ground extremely quickly. (Speed+++)


Message History

Found Uzuwias's Armour Emporium and Tecegg's Book Boutique.
Found Juomui's General Store.
Found Goofuge's Weapon Shoppe.
You hear a distant slurping noise.
There is an entrance to Goofuge's Weapon Shoppe here.
There is an entrance to Uzuwias's Armour Emporium here.
p - a +2 hat Thank you for shopping at Uzuwias's Armour Emporium!
You start putting on your armour.
You continue putting on your +2 hat. x4
You finish putting on your +2 hat.
Unknown command.
You hear a distant slurping noise.
You hear a distant slurping noise.
There is an entrance to Tecegg's Book Boutique here.
You hear a distant slurping noise.
There is an entrance to Juomui's General Store here.
q - a scroll of poison Thank you for shopping at Juomui's General Store!
You swap places.
You swap places.
A deep troll comes into view.
There is an open door here.
Found 27 gold pieces.
Found 27 gold pieces.
You swap places.
The deep troll shouts!
The deep troll bites you but does no damage.
The deep troll claws you! x2
You barely miss the deep troll. The deep troll bites you!
* * * LOW HITPOINT WARNING * * *
The deep troll claws you.
* * * LOW HITPOINT WARNING * * *
The deep troll barely misses you.
You hit the deep troll but do no damage.
The deep troll is poisoned.
You hit the deep troll.
The deep troll looks as sick as possible!
The deep troll is lightly wounded.
The deep troll misses you. The deep troll claws you!
You die...

#..#####'#####'#__####
#..# #..#...#.####
#..# ####..##.# #..#
##'#_.+ #⌠⌠# +..._#
#### #_.#'# ##'#.#
############.####+###
#∩.....G..'....G@T$$+
###....####...#######
#.......####.###
#.G...G..#.#'#.#
#..#...G.#..G..#
#........#.....#
#.....#.G#######
#........# #..#...G.#


You could see a deep troll (extremely poisoned) and a neutral floating eye
(wandering) (fellow slime).

Vanquished Creatures
  Sonja (D)
  A slime creature (D)
  Sigmund (D)
  An ogre (D)
  A jelly (D)
  Ijyb (D)
6 creatures vanquished.

Vanquished Creatures (others)
  A floating eye (D)
  7 necrophages (D)
  9 jellies (D)
  2 ballistomycete spores (D)
19 creatures vanquished.

Grand Total: 25 creatures vanquished

Notes
Turn   | Place    | Note
-------+----------+-------------------------------------------
     0 | D        | dialectric the Spriggan Brigand began the quest for the
                  | Orb.
     0 | D        | Reached XP level 1. HP: 10/10 MP: 2/2
     2 | D        | Noticed Ijyb
     5 | D        | Killed Ijyb
     6 | D        | Reached skill level 9 in Stealth
     6 | D        | Reached XP level 2. HP: 15/15 MP: 3/3
    10 | D        | Noticed an ogre
    12 | D        | Killed an ogre
    13 | D        | Reached skill level 13 in Stealth
    13 | D        | Reached XP level 3. HP: 19/19 MP: 4/4
    13 | D        | Reached XP level 4. HP: 23/23 MP: 5/5
    23 | D        | Noticed Sigmund
    28 | D        | Killed Sigmund
    29 | D        | Reached skill level 17 in Stealth
    29 | D        | Reached XP level 5. HP: 28/28 MP: 6/6
    55 | D        | Found a burning altar of Makhleb.
    55 | D        | Found a shimmering altar of Xom.
    55 | D        | Noticed a slime creature
    56 | D        | Found a viscous altar of Jiyva.
    56 | D        | Found a corrupted altar of Lugonu.
    58 | D        | Killed a slime creature
    59 | D        | Reached skill level 5 in Short Blades
    59 | D        | Reached skill level 20 in Stealth
    59 | D        | Reached XP level 6. HP: 32/32 MP: 7/7
    75 | D        | Found an ornate altar of the Wu Jian Council.
    75 | D        | Found a shimmering blue altar of Sif Muna.
    77 | D        | Found a radiant altar of Vehumet.
   103 | D        | Became a worshipper of Jiyva Joaseyso the Shapeless
   118 | D        | Noticed Sonja
   122 | D        | Killed Sonja
   123 | D        | Reached skill level 23 in Stealth
   123 | D        | Reached XP level 7. HP: 36/36 MP: 8/8
   123 | D        | Reached XP level 8. HP: 40/40 MP: 9/9
   198 | D        | Noticed a shining eye
   199 | D        | Noticed a shining eye
   201 | D        | Found Xeemp's Book Boutique.
   202 | D        | Noticed a shining eye
   202 | D        | Noticed a shining eye
   203 | D        | Reached * piety under Jiyva
   203 | D        | Noticed a shining eye
   203 | D        | Noticed a shining eye
   205 | D        | Noticed a shining eye
   207 | D        | Noticed a shining eye
   208 | D        | Found Uzuwias's Armour Emporium.
   208 | D        | Found Tecegg's Book Boutique.
   210 | D        | Found Juomui's General Store.
   211 | D        | Found Goofuge's Weapon Shoppe.
   218 | D        | Bought a +2 hat for 160 gold pieces
   232 | D        | Bought a scroll of poison for 40 gold pieces
   247 | D        | Noticed a deep troll
   256 | D        | Mangled by a deep troll

Illustrated notes

Levels and vault maps discovered:
D:        dungeon_sprint_1 [red_sonja_temple_1, red_sonja_temple_small_1]

Skill      XL: |  1  2  3  4  5  6 |
---------------+-------------------+-----
Fighting       | 2 3 |  3.5
Short Blades   | 3 4 5 |  5.9
Stealth        | 9 13 17 20 23 | 23.7
Dodging        | 2 3 |  3.3
Throwing       | |  2.6

Action                     |  1- 3 |  4- 6 |  7- 9 || total
---------------------------+-------+-------+-------++-------
  Melee: Dagger            |     2 |     4 |       ||     6
         Short sword       |       |       |     4 ||     4
  Throw: Dart              |     1 |     3 |     3 ||     7
    Use: Potion            |       |       |     1 ||     1
   Stab: Sleeping          |     2 |     3 |       ||     5
 Armour: Robe              |       |       |     1 ||     1
  Dodge: Dodged            |     1 |     2 |     2 ||     5

Table legend: (Time is in decaauts)
 A = Elapsed time spent in this place.
 B = Non-inter-level travel time spent in this place.
 C = Inter-level travel time spent in this place.
 D = Time resting spent in this place.
 E = Time spent auto-exploring this place.
 F = Levels seen in this place.
 G = Mean time per level.
                   A        B        C        D        E       F      G
               +--------+--------+--------+--------+--------+-----+--------+
         Total |    187 |    187 |      0 |      0 |      7 |   1 |  187.0 |
       Dungeon |    187 |    187 |      0 |      0 |      7 |   1 |  187.0 |
               +--------+--------+--------+--------+--------+-----+--------+

Top non-repeatable levels by time:
       D: 187 daAuts
